 Dungeon Crawl Stone Soup version 0.26.0-3-g156281e41b (webtiles) character file.

Game seed: 14366209651876271845

7802 jackrogers the Cleaver (level 11, -1/81 HPs)
             Began as a Human Gladiator on Jan 10, 2021.
             Was an Elder of Okawaru.
             Slain by an 11-headed hydra (10 damage)
             ... on level 1 of the Lair of Beasts.
             The game lasted 00:25:41 (10644 turns).

jackrogers the Cleaver (Human Gladiator)           Turns: 10644, Time: 00:25:42

Health: -1/81      AC: 18    Str: 17    XL:     11   Next: 44%
Magic:  11/11      EV: 15    Int: 15    God:    Okawaru [****..]
Gold:   728        SH: 17    Dex: 15    Spells: 10/10 levels left

rFire    + . .     SeeInvis .   W - +2 broad axe (vorpal)
rCold    + . .     Faith    .   T - +2 kite shield
rNeg     . . .     Spirit   .   X - +4 ring mail of the Tortoise {rC+}
rPois    .         Reflect  +   V - +0 helmet {Int+3}
rElec    .         Harm     .   (no cloak)
rCorr    .         Rampage  .   J - +0 pair of gloves
Will     +....                  z - +1 pair of boots of Satus {Int+3}
Stlth    +.........             N - amulet "Suavo" {Reflect +Fly rF+ Will+ SH+5}
HPRegen  0.23/turn              K - +4 ring of evasion
MPRegen  0.12/turn              U - +4 ring of protection

@: no status effects
A: no striking features
a: Renounce Religion, Evoke Flight, Heroism


You were on level 1 of the Lair of Beasts.
You worshipped Okawaru.
Okawaru was greatly pleased with you.
You visited 2 branches of the dungeon, and saw 10 of its levels.
You also visited: Ossuary and Gauntlet.

You collected 728 gold pieces.

Inventory:

Hand Weapons
 a - a +4 war axe
 q - a +0 hunting sling
   (You took it off a goblin on level 2 of the Dungeon)
 E - a +0 war axe
   (You took it off an orc on level 6 of the Dungeon)
 G - a +5 vorpal hand crossbow
   (You took it off an orc warrior on level 6 of the Dungeon)
 O - a +3 battleaxe of freezing
   (You took it off a wight on level 7 of the Dungeon)
 W - a +2 vorpal broad axe (weapon)
   (You found it in a Gauntlet)
Missiles
 d - 4 throwing nets {=f, !d}
 r - 326 stones
 s - 6 boomerangs
 L - 33 bolts
 Y - 10 javelins (quivered)
Armour
 c - a +0 chain mail of fire resistance
   (You found it on level 1 of the Lair of Beasts)
 z - the +1 pair of boots of Satus (worn) {Int+3}
   (You found it in a Gauntlet)

   It affects your intelligence (+3).
 J - a +0 pair of gloves (worn)
   (You found it on level 5 of the Dungeon)
 R - a +1 helmet
   (You found it on level 7 of the Dungeon)
 T - a +2 kite shield (worn)
   (You found it on level 9 of the Dungeon)
 V - a +0 helmet of intelligence (worn)
   (You found it in a Gauntlet)
 X - the +4 ring mail of the Tortoise (worn) {rC+}
   (You took it off a minotaur in a Gauntlet)

   It protects you from cold.
 Z - a +0 tower shield
   (You took it off a minotaur in a Gauntlet)
Jewellery
 b - an uncursed amulet of magic regeneration {unknown}
   (You found it on level 1 of the Lair of Beasts)
 o - an uncursed ring of stealth {Stlth+}
   (You found it on level 1 of the Dungeon)
 v - a +4 ring of evasion
   (You found it on level 4 of the Dungeon)
 x - an uncursed amulet of regeneration {+regen, !d}
   (You found it on level 4 of the Dungeon)
 F - a +6 ring of dexterity
   (You found it on level 6 of the Dungeon)
 H - an uncursed amulet of reflection
   (You found it on level 5 of the Dungeon)
 K - a +4 ring of evasion (left hand)
   (You found it on level 5 of the Dungeon)
 N - the amulet "Suavo" (around neck) {Reflect +Fly rF+ Will+ SH+5}
   (You acquired it on level 7 of the Dungeon)

   [amulet of reflection]

   It shields you and reflects attacks.
   It protects you from fire.
   It affects your willpower, your defense against some magical effects.
   It lets you fly.
   It affects your SH (+5).
 U - a +4 ring of protection (right hand)
   (You found it on level 9 of the Dungeon)
Wands
 I - a wand of polymorph (6)
   (You found it on level 5 of the Dungeon)
Scrolls
 e - 2 scrolls of fear
 g - 10 scrolls of remove curse
 n - 6 scrolls of teleportation
 t - 3 scrolls of enchant armour
 u - 7 scrolls of identify
 A - 2 scrolls of fog
 P - 2 scrolls of amnesia
Potions
 h - 7 potions of heal wounds
 i - 2 potions of brilliance
 k - a potion of mutation {!q}
 l - a potion of ambrosia
 p - 11 potions of curing
 C - 6 potions of haste
 D - a potion of invisibility
 S - a potion of flight


   Skills:
 - Level 6.0 Fighting
 * Level 13.6 Axes
 - Level 2.0 Throwing
 - Level 3.0 Armour
 - Level 4.4 Dodging
 + Level 6.4 Shields


You had 10 spell levels left.
You didn't know any spells.
Your spell library contained the following spells:

 Spells                   Type           Power        Failure   Level
 Freeze                   Ice            0%           82%         1
 Slow                     Hex            0%           91%         2
 Frozen Ramparts          Ice            0%           99%         3
 Ozocubu's Armour         Ice            0%           99%         3
 Portal Projectile        Hex/Tloc       0%           99%         3
 Static Discharge         Conj/Air       0%           99%         3
 Cause Fear               Hex            0%           100%        4
 Hailstorm                Conj/Ice       0%           100%        4
 Summon Ice Beast         Ice/Summ       0%           100%        4


Dungeon Overview and Level Annotations

Branches:
Dungeon (9/15)             Temple (0/1) D:4            Lair (1/6) D:9
Ossuary (visited)         Gauntlet (visited)
    Orc: D:9-12

Altars:
Cheibriados
Elyvilon
Gozag
Nemelex Xobeh
Okawaru
Trog
Vehumet
Xom
The Shining One

Annotations:
D:6 2 runed translucent doors
Lair:1 1 runed translucent door, Anias's ghost, journeyman OpDe


Message History

The seven-headed hydra misses you.
Spoiler Alert: The seven-headed hydra can hit for high damage in melee!
Unknown command.
Spoiler Alert: The seven-headed hydra can hit for high damage in melee!
You hack one of the seven-headed hydra's heads off!
The six-headed hydra grows two more!
You slash the eight-headed hydra!
You block the eight-headed hydra's attack.
The eight-headed hydra barely misses you.
You block the eight-headed hydra's attack.
The eight-headed hydra misses you. x2; The eight-headed hydra bites you.
The eight-headed hydra bites you but does no damage.
The eight-headed hydra bites you.
Spoiler Alert: The eight-headed hydra can hit for high damage in melee!
You slice one of the eight-headed hydra's heads off!
The seven-headed hydra grows two more!
You slice the nine-headed hydra!!
You block the nine-headed hydra's attack. x2
The nine-headed hydra bites you. x2
You block the nine-headed hydra's attack.
The nine-headed hydra barely misses you.
The nine-headed hydra bites you but does no damage.
You block the nine-headed hydra's attack.
The nine-headed hydra bites you! x2
The nine-headed hydra bites you but does no damage.
The nine-headed hydra bites you! The nine-headed hydra bites you.
The nine-headed hydra barely misses you.
The nine-headed hydra closely misses you.
The nine-headed hydra barely misses you.
The nine-headed hydra bites you.
The nine-headed hydra bites you but does no damage.
Spoiler Alert: The nine-headed hydra can hit for high damage in melee!
You hack one of the nine-headed hydra's heads off!
The eight-headed hydra grows two more!
You slash the ten-headed hydra! The ten-headed hydra misses you.
You block the ten-headed hydra's attack.
The ten-headed hydra bites you but does no damage. x4
You block the ten-headed hydra's attack. x3
The ten-headed hydra closely misses you.
Spoiler Alert: The ten-headed hydra can hit for high damage in melee!
Unknown command.
Spoiler Alert: The ten-headed hydra can hit for high damage in melee!
You lop one of the ten-headed hydra's heads off!
The nine-headed hydra grows two more!
You hit the 11-headed hydra. The 11-headed hydra closely misses you.
The 11-headed hydra bites you but does no damage.
You block the 11-headed hydra's attack. x2
The 11-headed hydra barely misses you. You block the 11-headed hydra's attack.
The 11-headed hydra bites you!
* * * LOW HITPOINT WARNING * * *
The 11-headed hydra bites you.
* * * LOW HITPOINT WARNING * * *
The 11-headed hydra closely misses you.
The 11-headed hydra completely misses you.
The 11-headed hydra bites you.
* * * LOW HITPOINT WARNING * * *
Spoiler Alert: The 11-headed hydra can hit for high damage in melee!
Really read
B - a scroll of blinking {!r}? [Y]es or [N]o only, please.
Really read
B - a scroll of blinking {!r}? [Y]es or [N]o only, please.
Really read
B - a scroll of blinking {!r}? [Y]es or [N]o only, please.
Really read
B - a scroll of blinking {!r}?
Blink to where?
As you read the scroll of blinking {!r}, it crumbles to dust.
Spoiler Alert: The 11-headed hydra can hit for high damage in melee!
Spoiler Alert: The 11-headed hydra can hit for high damage in melee!
Spoiler Alert: The 11-headed hydra can hit for high damage in melee!
Warning x2: The water moccasin (wandering) is fast and can poison!
The 11-headed hydra can hit for high damage in melee!
Warning x2: The 11-headed hydra can hit for high damage in melee!
The water moccasin is fast and can poison!
Warning x2: The 11-headed hydra can hit for high damage in melee!
The water moccasin is fast and can poison!
Warning x2: The 11-headed hydra can hit for high damage in melee!
The water moccasin is fast and can poison!
Okay, then.
Warning x2: The 11-headed hydra can hit for high damage in melee!
The water moccasin is fast and can poison!
Throw: 14 javelins
Aim: an 11-headed hydra (severely wounded)
You throw a javelin.
The javelin barely misses the 11-headed hydra.
Warning x2: The 11-headed hydra can hit for high damage in melee!
The water moccasin is fast and can poison!
Throw: 13 javelins
Aim: an 11-headed hydra (severely wounded)
You throw a javelin.
The javelin pierces through the 11-headed hydra!
Warning x2: The 11-headed hydra can hit for high damage in melee!
The water moccasin is fast and can poison!
Throw: 12 javelins
Aim: an 11-headed hydra (almost dead)
You throw a javelin.
Anias's ghost turns its malevolent gaze towards you.
The javelin pierces through the 11-headed hydra.
Warning x2: The 11-headed hydra can hit for high damage in melee!
The water moccasin is fast and can poison!
Throw: 11 javelins
Aim: an 11-headed hydra (almost dead)
You throw a javelin.
The javelin pierces through the 11-headed hydra.
You block the 11-headed hydra's attack. x3; The 11-headed hydra bites you.
* * * LOW HITPOINT WARNING * * *
The 11-headed hydra bites you but does no damage.
The 11-headed hydra bites you!
* * * LOW HITPOINT WARNING * * *
The 11-headed hydra bites you!
You die...

...###......÷....................
...# #.................(.......##
..## #.##......................#
...# #.##......(..............##
#### ##.....÷........########## #
#....÷.[......## ####
#...#####.....# ##.# ##^..#
§S#..D### #..###.[..# §W+.@##
#.........# §§#.##
#.........#####.##
##...............#
##................
#.................
.............)....
..................
..................


You could see a 11-headed hydra, a water moccasin and Anias's ghost.

Vanquished Creatures
  A minotaur (Gauntlet)
  A death yak (D:9)
  A sea snake (Lair:1)
  A rime drake (Lair:1)
  A komodo dragon (Lair:1)
  5 blink frogs (Lair:1)
  Prince Ribbit (D:6)
  Sigmund (D:3)
  5 yaks (D:9)
  2 water moccasins (Lair:1)
  5 orc warriors
  2 phantoms
  A black bear (D:8)
  2 ogres
  A necrophage (D:8)
  A centaur (D:9)
  An elf zombie (Ossuary)
  A big kobold (D:8)
  Blork the orc (D:4)
  6 bullfrogs
  A scorpion (D:7)
  5 killer bees (D:9)
  4 wights (D:7)
  A howler monkey (D:8)
  4 hounds
  2 jellies (D:7)
  2 human zombies (Ossuary)
  2 orc priests
  3 iguanas
  7 orc wizards
  4 worker ants
  2 hound zombies
  4 mummies (Ossuary)
  A howler monkey zombie (D:7)
  4 gnolls (D:3)
  5 adders
  3 shadow imps
  2 white imps (D:9)
  A worker ant simulacrum (D:9)
  An ooze (D:7)
  An ufetubus (D:6)
  2 adder skeletons (D:5)
  2 adder zombies
  2 worms (D:4)
  3 dart slugs (D:3)
  5 leopard geckos
  24 orcs
  A ball python (D:5)
  A giant cockroach (D:4)
  5 goblins
  5 hobgoblins
  5 quokkas
  7 bats
  A frilled lizard (D:2)
  2 gnoll zombies (Ossuary)
  2 jackal zombies (Ossuary)
  10 kobolds
  2 kobold zombies (Ossuary)
  A leopard gecko skeleton (D:5)
  8 rats
  2 rat zombies (Ossuary)
189 creatures vanquished.

Vanquished Creatures (others)
  A yak (D:9)
  A fungus (Lair:1)
  3 plants
5 creatures vanquished.

Grand Total: 194 creatures vanquished

Notes
Turn   | Place    | Note
-------+----------+-------------------------------------------
     0 | D:1      | jackrogers the Human Gladiator began the quest for the Orb.
     0 | D:1      | Reached XP level 1. HP: 16/16 MP: 1/1
   287 | D:1      | Reached XP level 2. HP: 22/22 MP: 2/2
   941 | D:2      | Reached skill level 4 in Axes
   941 | D:2      | Reached XP level 3. HP: 14/27 MP: 3/3
  1636 | D:3      | Noticed Sigmund
  1761 | D:3      | Reached XP level 4. HP: 33/33 MP: 4/4
  1799 | D:3      | Found a radiant altar of Vehumet.
  1799 | D:3      | Found a sparkling altar of Nemelex Xobeh.
  1928 | D:3      | Reached skill level 5 in Axes
  2281 | D:3      | Reached XP level 5. HP: 17/38 MP: 5/5
  2458 | D:3      | Found an iron altar of Okawaru.
  2463 | D:3      | Became a worshipper of Warmaster Okawaru
  2473 | D:3      | Found a bloodstained altar of Trog.
  2906 | D:4      | Noticed Blork the orc
  2955 | D:4      | Found a staircase to the Ecumenical Temple.
  3018 | D:4      | Reached skill level 6 in Axes
  3167 | D:4      | Reached XP level 6. HP: 43/44 MP: 6/6
  3488 | D:4      | Reached skill level 7 in Axes
  3996 | D:5      | Entered Level 5 of the Dungeon
  3996 | D:5      | Noticed an orc warrior
  4154 | D:6      | Noticed an ogre
  4164 | D:6      | Killed an ogre
  4165 | D:6      | Reached XP level 7. HP: 50/50 MP: 7/7
  4167 | D:6      | Reached * piety under Okawaru
  4168 | D:6      | Reached skill level 1 in Shields
  4217 | D:6      | Found a large runed translucent door.
  4217 | D:6      | Found a large runed translucent door.
  4229 | D:6      | Found a large runed translucent door.
  4229 | D:6      | Found a large runed translucent door.
  4373 | D:6      | Found a sand-covered staircase.
  4376 | D:6      | Noticed Prince Ribbit
  4383 | Ossuary  | Entered an ossuary
  4403 | Ossuary  | Reached skill level 3 in Fighting
  4403 | Ossuary  | Reached skill level 2 in Shields
  4409 | Ossuary  | Reached skill level 8 in Axes
  4409 | Ossuary  | Reached XP level 8. HP: 54/58 MP: 8/8
  4644 | D:6      | Killed Prince Ribbit
  4644 | D:6      | Reached ** piety under Okawaru
  4706 | D:6      | Reached skill level 3 in Shields
  4982 | D:6      | Reached skill level 4 in Fighting
  5140 | D:6      | Reached skill level 9 in Axes
  5192 | D:6      | Reached XP level 9. HP: 51/66 MP: 9/9
  5264 | D:5      | Reached *** piety under Okawaru
  5265 | D:5      | Reached skill level 4 in Shields
  5693 | D:5      | Reached skill level 5 in Fighting
  6352 | D:7      | Identified a scroll of acquirement
  6352 | D:7      | Acquired the amulet "Suavo" {Reflect +Fly rF+ Will+ SH+5}
  6480 | D:7      | Reached skill level 10 in Axes
  6606 | D:7      | Noticed a four-headed hydra
  7133 | D:8      | Found a glowing golden altar of the Shining One.
  7137 | D:8      | Found an opulent altar of Gozag.
  7140 | D:8      | Found a white marble altar of Elyvilon.
  7562 | D:7      | Reached skill level 1 in Armour
  7840 | D:3      | Killed Sigmund
  7841 | D:3      | Reached skill level 11 in Axes
  7987 | D:4      | Killed Blork the orc
  7988 | D:4      | Reached XP level 10. HP: 70/74 MP: 10/10
  8196 | D:6      | Identified the Collected Works on Gliding Hexes
  8580 | D:9      | Noticed a death yak
  8592 | D:9      | Killed a death yak
  8592 | D:9      | Reached **** piety under Okawaru
  8592 | D:9      | Received a gift from Okawaru
  8593 | D:9      | Reached skill level 2 in Armour
  8593 | D:9      | Reached skill level 4 in Dodging
  8604 | D:9      | Reached skill level 5 in Shields
  8623 | D:9      | Reached skill level 6 in Fighting
  8625 | D:9      | Reached skill level 3 in Armour
  8852 | D:9      | Found a shimmering altar of Xom.
  8852 | D:9      | Found a shimmering altar of Xom.
  8852 | D:9      | Found a shimmering altar of Xom.
  8852 | D:9      | Found a shimmering altar of Xom.
  8852 | D:9      | Found a shimmering altar of Xom.
  8852 | D:9      | Found a shimmering altar of Xom.
  8855 | D:9      | Found a shimmering altar of Xom.
  8906 | D:9      | Reached skill level 12 in Axes
  9017 | D:9      | Found a staircase to the Lair.
  9017 | D:9      | Found a snail-covered altar of Cheibriados.
  9057 | Lair:1   | Entered Level 1 of the Lair of Beasts
  9057 | Lair:1   | Found a gate leading to a gauntlet.
  9078 | Gauntlet | Entered a Gauntlet
  9078 | Gauntlet | Found a transporter.
  9087 | Gauntlet | Found a transporter.
  9101 | Gauntlet | Noticed a soul eater
  9102 | Gauntlet | Found a transporter.
  9107 | Gauntlet | Noticed a sixfirhy
  9109 | Gauntlet | Found a transporter.
  9110 | Gauntlet | Noticed a sixfirhy
  9126 | Gauntlet | Found a transporter.
  9126 | Gauntlet | Noticed a sixfirhy
  9142 | Gauntlet | Noticed a cane toad
  9143 | Gauntlet | Found a transporter.
  9151 | Gauntlet | Found a large runed translucent door.
  9152 | Gauntlet | Found a large runed translucent door.
  9153 | Gauntlet | Found a large runed translucent door.
  9153 | Gauntlet | Found a large runed translucent door.
  9154 | Gauntlet | Found a runed translucent gate.
  9155 | Gauntlet | Found a transporter.
  9155 | Gauntlet | Found a runed translucent gate.
  9155 | Gauntlet | Noticed an efreet
  9156 | Gauntlet | Found a runed translucent gate.
  9157 | Gauntlet | Found a large runed translucent door.
  9157 | Gauntlet | Found a large runed translucent door.
  9158 | Gauntlet | Found a large runed translucent door.
  9159 | Gauntlet | Found a large runed translucent door.
  9165 | Gauntlet | Noticed a wolf spider
  9170 | Gauntlet | Found a transporter.
  9173 | Gauntlet | Noticed a moth of wrath
  9179 | Gauntlet | Found a transporter.
  9191 | Gauntlet | Found a transporter.
  9208 | Gauntlet | Found a transporter.
  9225 | Gauntlet | Found a transporter.
  9227 | Gauntlet | Found a transporter.
  9241 | Gauntlet | Noticed a manticore
  9253 | Gauntlet | Noticed a worldbinder
  9254 | Gauntlet | Found a transporter.
  9254 | Gauntlet | Found a transporter.
  9276 | Gauntlet | Found a transporter.
  9278 | Gauntlet | Found a transporter.
  9305 | Gauntlet | Noticed a moth of wrath
  9354 | Gauntlet | Found a large runed translucent door.
  9354 | Gauntlet | Found a large runed translucent door.
  9354 | Gauntlet | Found a runed translucent door.
  9354 | Gauntlet | Found a runed translucent door.
  9355 | Gauntlet | Found a large runed translucent door.
  9356 | Gauntlet | Found a large runed translucent door.
  9356 | Gauntlet | Noticed an orb spider
  9372 | Gauntlet | Found a large runed translucent door.
  9372 | Gauntlet | Found a large runed translucent door.
  9373 | Gauntlet | Found a large runed translucent door.
  9374 | Gauntlet | Found a large runed translucent door.
  9378 | Gauntlet | Found a transporter.
  9435 | Gauntlet | Noticed a faun
  9436 | Gauntlet | Noticed a salamander
  9437 | Gauntlet | a faun changed into a floating eye
  9439 | Gauntlet | Noticed a mana viper
  9439 | Gauntlet | a floating eye changed into a mana viper
  9441 | Gauntlet | Noticed a death drake
  9441 | Gauntlet | a mana viper changed into a death drake
  9443 | Gauntlet | a death drake changed into a dream sheep
  9449 | Gauntlet | Noticed a mana viper
  9449 | Gauntlet | a swamp worm changed into a mana viper
  9454 | Gauntlet | Noticed a shining eye
  9458 | Gauntlet | Noticed a water nymph
  9458 | Gauntlet | a shining eye changed into a water nymph
  9464 | Gauntlet | Noticed an elephant
  9464 | Gauntlet | a water nymph changed into an elephant
  9466 | Gauntlet | Noticed a torpor snail
  9466 | Gauntlet | an elephant changed into a torpor snail
  9468 | Gauntlet | Noticed a lindwurm
  9468 | Gauntlet | a torpor snail changed into a lindwurm
  9470 | Gauntlet | Noticed a guardian serpent
  9470 | Gauntlet | a lindwurm changed into a guardian serpent
  9473 | Gauntlet | Noticed an orb spider
  9473 | Gauntlet | a guardian serpent changed into an orb spider
  9477 | Gauntlet | an orb spider changed into a troll
  9485 | Gauntlet | Noticed an elephant
  9485 | Gauntlet | a wind drake changed into an elephant
  9489 | Gauntlet | Noticed a two-headed ogre
  9489 | Gauntlet | an elephant changed into a two-headed ogre
  9571 | Gauntlet | Noticed a swamp dragon
  9571 | Gauntlet | a swamp worm changed into a swamp dragon
  9574 | Gauntlet | Noticed a mana viper
  9574 | Gauntlet | a swamp dragon changed into a mana viper
  9580 | Gauntlet | Noticed a moth of wrath
  9612 | Gauntlet | Noticed a komodo dragon
  9619 | Gauntlet | Noticed a rust devil
  9660 | Gauntlet | Noticed an orb spider
  9664 | Gauntlet | an orb spider changed into a tarantella
  9665 | Gauntlet | Noticed a bunyip
  9683 | Gauntlet | Got a pair of faintly humming boots
  9687 | Gauntlet | Noticed a salamander
  9703 | Gauntlet | Identified the +4 ring mail of the Tortoise {rC+}
  9703 | Gauntlet | Noticed a minotaur
  9716 | Gauntlet | Killed a minotaur
  9717 | Gauntlet | Reached XP level 11. HP: 57/81 MP: 11/11
  9731 | Gauntlet | Identified the +1 pair of boots of Satus {Int+3} (You found
                  | it in a Gauntlet)
  9879 | Lair:1   | Noticed a six-headed hydra
  9887 | Lair:1   | Noticed a sea snake
  9887 | Lair:1   | a six-headed hydra changed into a sea snake
  9898 | Lair:1   | Killed a sea snake
  9899 | Lair:1   | Reached skill level 13 in Axes
 10215 | Lair:1   | Received a gift from Okawaru
 10348 | Lair:1   | Reached skill level 6 in Shields
 10447 | Lair:1   | Found a runed translucent door.
 10452 | Lair:1   | Noticed Anias's ghost (journeyman OpDe)
 10622 | Lair:1   | Noticed a four-headed hydra
 10633 | Lair:1   | HP: 19/81 [11-headed hydra (2)]
 10644 | Lair:1   | HP: 18/81 [11-headed hydra (4)]
 10644 | Lair:1   | Slain by an 11-headed hydra

Illustrated notes

Levels and vault maps discovered:
D:1:      saegor_arrival_simple_a, layout_basic, minmay_misc_feat_diagonals,
          minmay_pentomino_p2
D:2:      layout_loops_ring
D:3:      layout_basic, amethyst_overflow_temple_binary,
          gammafunk_temple_overflow_statue, uniq_sigmund
D:4:      layout_cave_pods, minmay_temple_entry_glass, uniq_blork_the_orc
D:5:      layout_cave_pods, serial_bayou_pond_a, mumra_transporter_accident,
          guppyfry_early_orc_mine
D:6:      layout_cave_pools, nicolae_ossuary_entry_ruins,
          minmay_hollow_rounded_squares, uniq_prince_ribbit1
D:7:      layout_loops_cross, minitemple
D:8:      layout_loops_ring, minmay_overflow_temple_star_quad,
          mrwooster_statue_mirror
D:9:      layout_basic, general_overflow_altar, xom_shifter_show,
          lemuel_round_altar, lair_entry_dummy, serial_ice, serial_ice_e,
          serial_ice_g, serial_ice_b, serial_ice_l, serial_ice_d, serial_ice_h,
          minmay_circle_x
Lair:1:   layout_cave_shapes, ebering_ghost_inner_flame, gauntlet_entry_generic,
          grunt_megastairs_4

Skill      XL: |  1  2  3  4  5  6  7  8  9 10 11 |
---------------+----------------------------------+-----
Axes           | 4 5 6 7 8 9 11 12 13 | 13.6
Shields        | 2 3 4 5 6 |  6.4
Fighting       | 3 4 5 6 |  6.0
Armour         | 1 3 |  3.0
Dodging        | 4 |  4.4
Throwing       | |  2.0

Action                   |  1- 3 |  4- 6 |  7- 9 | 10-12 || total
-------------------------+-------+-------+-------+-------++-------
Melee: War axe           |    91 |    83 |   262 |   132 ||   568
       Broad axe         |       |       |       |    75 ||    75
Throw: Stone             |    35 |    87 |   130 |    47 ||   299
       Javelin           |       |       |       |     8 ||     8
Invok: Heroism           |       |       |       |     3 ||     3
Evoke: Wand              |       |       |       |     1 ||     1
  Use: Scroll            |    10 |     7 |     6 |     2 ||    25
       Potion            |       |       |       |     3 ||     3
 Stab: Sleeping          |       |     1 |       |       ||     1
       Invisible         |       |       |       |     2 ||     2
Armor: Leather armour    |     5 |       |       |       ||     5
       Ring mail         |    41 |    33 |    54 |    42 ||   170
Dodge: Dodged            |    79 |    53 |   161 |   100 ||   393
Block: Buckler           |       |     1 |    66 |    61 ||   128
       Reflection        |       |       |       |     4 ||     4
       Kite shield       |       |       |       |    64 ||    64

Table legend: (Time is in decaauts)
 A = Elapsed time spent in this place.
 B = Non-inter-level travel time spent in this place.
 C = Inter-level travel time spent in this place.
 D = Time resting spent in this place.
 E = Time spent auto-exploring this place.
 F = Levels seen in this place.
 G = Mean time per level.
                   A        B        C        D        E       F      G
               +--------+--------+--------+--------+--------+-----+--------+
         Total |  10703 |   9576 |   1127 |   1424 |   5634 |  12 |  891.9 |
       Dungeon |   8887 |   7760 |   1127 |   1049 |   4884 |   9 |  987.4 |
          Lair |    844 |    844 |      0 |    294 |    296 |   1 |  844.0 |
       Ossuary |    241 |    241 |      0 |      6 |    136 |   1 |  241.0 |
      Gauntlet |    730 |    730 |      0 |     75 |    318 |   1 |  730.0 |
               +--------+--------+--------+--------+--------+-----+--------+

Top non-repeatable levels by time:
     D:3: 1453 daAuts
     D:4: 1416 daAuts
     D:6: 1135 daAuts
     D:2: 989 daAuts
     D:8: 874 daAuts
     D:5: 851 daAuts
     D:1: 850 daAuts
  Lair:1: 844 daAuts
Gauntlet: 730 daAuts
     D:9: 675 daAuts
     D:7: 640 daAuts
 Ossuary: 241 daAuts

Table legend:
 A = Kills in this place as a percentage of kills in entire the game.
 B = Kills by you in this place as a percentage of kills by you in the entire game.
 C = Kills by friends in this place as a percentage of kills by friends in the entire game.
 D = Other kills in this place as a percentage of other kills in the entire game.
 E = Experience gained in this place as a percentage of experience gained in the entire game.
 F = Experience gained in this place divided by the number of levels of this place that you have seen.
                   A       B       C       D       E      F
               +-------+-------+-------+-------+-------+----------------------
         Total | 100.0 | 100.0 |   N/A | 100.0 | 100.0 | 928.9
       Dungeon |  84.2 |  84.1 |   N/A | 100.0 |  57.0 | 705.8
          Lair |   6.3 |   6.3 |   N/A |   0.0 |  29.5 | 3286.0
       Ossuary |   8.4 |   8.5 |   N/A |   0.0 |   2.6 | 290.0
      Gauntlet |   1.1 |   1.1 |   N/A |   0.0 |  10.9 | 1219.0
               +-------+-------+-------+-------+-------+----------------------
